PL
PHILADELPHIA 1776 BC @ PORTLAND EVERGREENS
07/13/2033
 
TOP OF THE 1ST
Philadelphia 1776 BC batting - Pitching for Portland Evergreens : LHP Bob Mullinax
Pitching: LHP Bob Mullinax
Batting: RHB Mario Castillo 0-0: Ball
1-0: Ground out 2-3 (Groundball, 2L)
Batting: RHB Eddie Sachs 0-0: Swinging Strike
0-1: Ground out 6-3 (Groundball, 6)
Batting: RHB Karl Blanke 0-0: Foul Ball, location: 2F
0-1: Ball
1-1: Fly out, F7 (Flyball, 7LD)
Top of the 1st over - 0 runs, 0 hits, 0 errors, 0 left on base; Philadelphia 1776 0 - Portland 0
BOTTOM OF THE 1ST
Portland Evergreens batting - Pitching for Philadelphia 1776 BC : RHP Bill Tugwell
Pitching: RHP Bill Tugwell
Batting: SHB Willie McGirt 0-0: Called Strike
0-1: Foul Ball, location: 2F
0-2: Ball
1-2: Fly out, F9 (Line Drive, 9LS)
Batting: LHB Adrián Gómez 0-0: Ball
1-0: Called Strike
1-1: Ball
2-1: Fly out, F6 (Line Drive, 6)
Batting: LHB Chris Payling 0-0: Ball
1-0: Ground out 6-3 (Groundball, 6)
Bottom of the 1st over - 0 runs, 0 hits, 0 errors, 0 left on base; Philadelphia 1776 0 - Portland 0
TOP OF THE 2ND
Philadelphia 1776 BC batting - Pitching for Portland Evergreens : LHP Bob Mullinax
Batting: RHB Phil Moore 0-0: Ground out 6-3 (Groundball, 6)
Batting: RHB Tim Burney 0-0: Ball
1-0: Called Strike
1-1: Swinging Strike
1-2: Strikes out swinging
Batting: RHB Mikko Haataja 0-0: Called Strike
0-1: Foul Ball, location: 2F
0-2: Foul Ball, location: 2F
0-2: Foul Ball, location: 2F
0-2: Ball
1-2: DOUBLE (Groundball, 5L)
Batting: RHB Kent Summey 0-0: Ball
1-0: Foul Ball, location: 2F
1-1: Swinging Strike
1-2: Fly out, F4 (Popup, 3D)
Top of the 2nd over - 0 runs, 1 hit, 0 errors, 1 left on base; Philadelphia 1776 0 - Portland 0
BOTTOM OF THE 2ND
Portland Evergreens batting - Pitching for Philadelphia 1776 BC : RHP Bill Tugwell
Batting: LHB Calvin Wilms 0-0: Called Strike
0-1: Swinging Strike
0-2: SINGLE (Line Drive, 9S)
Batting: RHB Nelson Jaramillo 0-0: Ball
1-0: Ground out 4-3 (Groundball, 4MS)
Calvin Wilms to second
Batting: LHB John Ennis 0-0: Ground out U3 (Groundball, 34S)
Calvin Wilms to third
Batting: LHB Dewitt Hopper 0-0: Called Strike
0-1: Ball
1-1: Foul Ball, location: 2F
1-2: Ball
2-2: SINGLE (Groundball, 25) (infield hit)
Calvin Wilms scores
Batting: SHB Billy Dotson 0-0: Called Strike
0-1: Ball
1-1: Ball
2-1: Ball
3-1: Base on Balls
Dewitt Hopper to second
Batting: LHB John Schaefer 0-0: Ball
1-0: Called Strike
1-1: Foul Ball, location: 2F
1-2: Strikes out swinging
Bottom of the 2nd over - 1 run, 2 hits, 0 errors, 2 left on base; Philadelphia 1776 0 - Portland 1
TOP OF THE 3RD
Philadelphia 1776 BC batting - Pitching for Portland Evergreens : LHP Bob Mullinax
Batting: LHB Manoo Satyavrat 0-0: Ball
1-0: Fly out, F6 (Popup, 56)
Batting: RHB Jesús Guzmán 0-0: Ball
1-0: Called Strike
1-1: Fly out, F9 (Flyball, 9S)
Batting: RHB Mario Castillo 0-0: Called Strike
0-1: Fly out, F7 (Line Drive, 7)
Top of the 3rd over - 0 runs, 0 hits, 0 errors, 0 left on base; Philadelphia 1776 0 - Portland 1
BOTTOM OF THE 3RD
Portland Evergreens batting - Pitching for Philadelphia 1776 BC : RHP Bill Tugwell
Batting: SHB Willie McGirt 0-0: Ball
1-0: Foul Ball, location: 2F
1-1: Ball
2-1: Ball
3-1: TRIPLE (Flyball, 9LD)
Batting: LHB Adrián Gómez 0-0: Ball
1-0: Ground out U3 (Groundball, 3)
Batting: LHB Chris Payling 0-0: SINGLE (Groundball, 25) (infield hit)
Willie McGirt scores
Batting: LHB Calvin Wilms 0-0: Ball
Throwing error on steal attempt, E2
Chris Payling to third
1-0: Foul Ball, location: 2F
1-1: Swinging Strike
1-2: Ball
2-2: Ground out 6-3 (Groundball, 6)
Chris Payling scores
Batting: RHB Nelson Jaramillo 0-0: Ball
1-0: Called Strike
1-1: Called Strike
1-2: Strikes out swinging
Bottom of the 3rd over - 2 runs, 2 hits, 1 error, 0 left on base; Philadelphia 1776 0 - Portland 3
TOP OF THE 4TH
Philadelphia 1776 BC batting - Pitching for Portland Evergreens : LHP Bob Mullinax
Batting: RHB Eddie Sachs 0-0: Ball
1-0: Ball
2-0: Foul Ball, location: 2F
2-1: TRIPLE (Flyball, 78XD)
Batting: RHB Karl Blanke 0-0: Swinging Strike
0-1: Foul Ball, location: 2F
0-2: Foul Ball, location: 2F
0-2: SINGLE (Groundball, 4D)
Eddie Sachs scores
Batting: RHB Phil Moore 0-0: Ball
1-0: Ball
2-0: Ball
3-0: Called Strike
3-1: Called Strike
3-2: Ground out 5-3 (Groundball, 56S)
Karl Blanke to second
Batting: RHB Tim Burney 0-0: Ball
1-0: Called Strike
1-1: Ball
2-1: Ground out 4-3 (Groundball, 4S)
Karl Blanke to third
Batting: RHB Mikko Haataja 0-0: Called Strike
0-1: Ball
1-1: Called Strike
1-2: Fly out, F5 (Popup, 6S)
Top of the 4th over - 1 run, 2 hits, 0 errors, 1 left on base; Philadelphia 1776 1 - Portland 3
BOTTOM OF THE 4TH
Portland Evergreens batting - Pitching for Philadelphia 1776 BC : RHP Bill Tugwell
Batting: LHB John Ennis 0-0: Foul Ball, location: 2F
0-1: Fly out, F6 (Line Drive, 6)
Batting: LHB Dewitt Hopper 0-0: Called Strike
0-1: Foul Ball, location: 2F
0-2: Ball
1-2: Ball
2-2: Ball
3-2: Ground out 6-3 (Groundball, 6)
Batting: SHB Billy Dotson 0-0: Swinging Strike
0-1: Fly out, F5 (Popup, 56)
Bottom of the 4th over - 0 runs, 0 hits, 0 errors, 0 left on base; Philadelphia 1776 1 - Portland 3
TOP OF THE 5TH
Philadelphia 1776 BC batting - Pitching for Portland Evergreens : LHP Bob Mullinax
Batting: RHB Kent Summey 0-0: Ground out 3-1 (Groundball, 34S)
Batting: LHB Manoo Satyavrat 0-0: Called Strike
0-1: Ball
1-1: Fly out, F7 (Flyball, 78S)
Batting: RHB Jesús Guzmán 0-0: Ball
1-0: Foul Ball, location: 2F
1-1: Ball
2-1: Swinging Strike
2-2: Strikes out swinging
Top of the 5th over - 0 runs, 0 hits, 0 errors, 0 left on base; Philadelphia 1776 1 - Portland 3
BOTTOM OF THE 5TH
Portland Evergreens batting - Pitching for Philadelphia 1776 BC : RHP Bill Tugwell
Batting: LHB John Schaefer 0-0: Ball
1-0: Ground out 6-3 (Groundball, 4M)
Batting: SHB Willie McGirt 0-0: Ball
1-0: Ball
2-0: Foul Ball, location: 2F
2-1: Foul Ball, location: 2F
2-2: DOUBLE (Line Drive, 89M)
Batting: LHB Adrián Gómez 0-0: Ball
1-0: Ball
2-0: Ground out U3 (Groundball, 34)
Willie McGirt to third
Batting: LHB Chris Payling 0-0: Called Strike
0-1: Reached on error, E5 (Groundball, 5)
Willie McGirt scores
Batting: LHB Calvin Wilms 0-0: Called Strike
0-1: SINGLE (Line Drive, 6MD)
Chris Payling to second
Batting: RHB Nelson Jaramillo 0-0: Ground out 5-3 (Groundball, 56)
Bottom of the 5th over - 1 run, 2 hits, 1 error, 2 left on base; Philadelphia 1776 1 - Portland 4
TOP OF THE 6TH
Philadelphia 1776 BC batting - Pitching for Portland Evergreens : LHP Bob Mullinax
Batting: RHB Mario Castillo 0-0: Ball
1-0: Ball
2-0: Ball
3-0: Called Strike
3-1: SINGLE (Flyball, 89M)
Batting: RHB Eddie Sachs 0-0: Called Strike
0-1: Ball
1-1: DOUBLE (Groundball, 3L)
Mario Castillo to third
Runner from 3rd tries for Home, SAFE, no throw
Batting: RHB Karl Blanke 0-0: Ball
1-0: Ball
2-0: Called Strike
2-1: Foul Ball, location: 2F
2-2: Foul Ball, location: 2F
2-2: Strikes out swinging
Batting: RHB Phil Moore 0-0: Called Strike
0-1: Reached on error, E6 (Groundball, 6)
Eddie Sachs to third
Batting: RHB Tim Burney 0-0: Called Strike
0-1: Called Strike
0-2: Ball
1-2: Strikes out looking
Batting: RHB Mikko Haataja 0-0: Called Strike
0-1: Fielders Choice at 2nd, 6-4 (Groundball, 6)
Top of the 6th over - 1 run, 2 hits, 1 error, 2 left on base; Philadelphia 1776 2 - Portland 4
BOTTOM OF THE 6TH
Portland Evergreens batting - Pitching for Philadelphia 1776 BC : RHP Bill Tugwell
Batting: LHB John Ennis 0-0: Ball
1-0: Ground out 5-3 (Groundball, 5)
Batting: LHB Dewitt Hopper 0-0: Fly out, F9 (Flyball, 9LS)
Batting: SHB Billy Dotson 0-0: Called Strike
0-1: Ball
1-1: Ground out U3 (Groundball, 34)
Bottom of the 6th over - 0 runs, 0 hits, 0 errors, 0 left on base; Philadelphia 1776 2 - Portland 4
TOP OF THE 7TH
Philadelphia 1776 BC batting - Pitching for Portland Evergreens : LHP Bob Mullinax
Now at SS: Ramón Garmendia
Now in LF: César Gómes
Batting: RHB Kent Summey 0-0: Foul Ball, location: 2F
0-1: Ball
1-1: SINGLE (Flyball, 89M)
Pitching: RHP César Albó
Batting: LHB Manoo Satyavrat 0-0: Called Strike
0-1: Ball
1-1: Foul Ball, location: 2F
1-2: Strikes out looking
Batting: RHB Jesús Guzmán 0-0: SINGLE (Groundball, 34) (infield hit)
Kent Summey to second
Batting: RHB Mario Castillo 0-0: Called Strike
0-1: Ball
1-1: Ball
2-1: Ball
3-1: Swinging Strike
3-2: Base on Balls
Kent Summey to third
Jesús Guzmán to second
Batting: RHB Eddie Sachs 0-0: Ball
1-0: Called Strike
1-1: Foul Ball, location: 2F
1-2: Ball
2-2: Grounds into double play, 6-2-3 (Groundball, 6)
Top of the 7th over - 0 runs, 2 hits, 0 errors, 2 left on base; Philadelphia 1776 2 - Portland 4
BOTTOM OF THE 7TH
Portland Evergreens batting - Pitching for Philadelphia 1776 BC : RHP Bill Tugwell
Batting: LHB John Schaefer 0-0: Fly out, F5 (Popup, 6S)
Batting: SHB Willie McGirt 0-0: Foul Ball, location: 2F
0-1: Ball
1-1: Swinging Strike
1-2: Strikes out looking
Batting: LHB Adrián Gómez 0-0: Ball
1-0: Foul Ball, location: 2F
1-1: Ball
2-1: Foul Ball, location: 2F
2-2: Foul Ball, location: 2F
2-2: Foul Ball, location: 2F
2-2: SOLO HOME RUN (Flyball, 9D), Distance : 382 ft
Batting: LHB Chris Payling 0-0: Ball
1-0: Ball
2-0: Ball
3-0: Base on Balls
Batting: LHB Calvin Wilms 0-0: Foul Ball, location: 2F
0-1: Ball
1-1: Fly out, F4 (Popup, 4M)
Bottom of the 7th over - 1 run, 1 hit, 0 errors, 1 left on base; Philadelphia 1776 2 - Portland 5
TOP OF THE 8TH
Philadelphia 1776 BC batting - Pitching for Portland Evergreens : RHP César Albó
Batting: RHB Karl Blanke 0-0: Ball
1-0: Called Strike
1-1: Swinging Strike
1-2: Strikes out swinging
Batting: RHB Phil Moore 0-0: Ball
1-0: Ball
2-0: Swinging Strike
2-1: Ball
3-1: Called Strike
3-2: Foul Ball, location: 2F
3-2: Strikes out looking
Batting: RHB Tim Burney 0-0: Ball
1-0: Foul Ball, location: 2F
1-1: Foul Ball, location: 2F
1-2: Strikes out swinging
Top of the 8th over - 0 runs, 0 hits, 0 errors, 0 left on base; Philadelphia 1776 2 - Portland 5
BOTTOM OF THE 8TH
Portland Evergreens batting - Pitching for Philadelphia 1776 BC : RHP Bill Tugwell
Batting: RHB Nelson Jaramillo 0-0: Ball
1-0: Called Strike
1-1: Ball
2-1: Foul Ball, location: 2F
2-2: Strikes out swinging
Batting: LHB John Ennis 0-0: Ball
1-0: Called Strike
1-1: Foul Ball, location: 2F
1-2: Ball
2-2: Foul Ball, location: 2F
2-2: Foul Ball, location: 2F
2-2: SINGLE (Line Drive, 89S)
Batting: LHB César Gómes 0-0: Ball
John Ennis steals 2nd base
1-0: Fly out, F7 (Flyball, 7S)
Pitching: LHP Will Hoffman
Batting: LHB Ramón Garmendia 0-0: Ground out U3 (Groundball, 3)
Bottom of the 8th over - 0 runs, 1 hit, 0 errors, 1 left on base; Philadelphia 1776 2 - Portland 5
TOP OF THE 9TH
Philadelphia 1776 BC batting - Pitching for Portland Evergreens : RHP César Albó
Batting: RHB Mikko Haataja 0-0: Ball
1-0: Fly out, F8 (Flyball, 8LS)
Batting: RHB Kent Summey 0-0: Called Strike
0-1: Ground out 5-3 (Groundball, 5S)
Batting: LHB Manoo Satyavrat 0-0: Called Strike
0-1: Ball
1-1: Swinging Strike
1-2: Foul Ball, location: 2F
1-2: Strikes out swinging
Top of the 9th over - 0 runs, 0 hits, 0 errors, 0 left on base; Philadelphia 1776 2 - Portland 5
Saturday, December 22nd, 2018 - OOTP Baseball 18.8 Build 76